SCURSCUM, neutral female scurrid Tourist ------ |}}}| --- ---.--.----- ----}}}| ---- --.| --------......@...-- |..}}}- |..| |..| |..................---.}}}- +..----..| |---...................;;.| ----- |....|...+ |..|.-------.---+-....}@}.---... -- |........| |. |.|. ..|.|...|...h}}......------- ..- --..`.....-------.--.|#+-#+-.........}}}}.....|%(.%!| ... |....................|.....|.|---|@.}}}}}.....|!%(%%| ... --...........-+-----.-|.....|.|???|.}}}}}}.....|..[..|---- ... --...---|---..|..|(.|..|.... |.|?+?|.}}}}}......--|---|...| .. ---....|.....|....)......|-|----.|???|..(}}}}...........| .. . |......|(....|..----+-----......-|.. |.}};}}}}........%%--.--.| |.#....|.._..|..................|-|---.}}}}}}}-+---+-.....)...| |......|.....|...------...............}}..}}}}| |......%..| --..#..--------..+ |......-----...}}..}}}}.| |...)----.| --.........------ |.....+.. |..}.}..}}}}.-------)..-- --- -.----.....----------.....|..| |.}}}....}@}................- |.....................---- -}}}.....}}}h---....-------- -----------................}}}.---.}}}}.| --..-- -----------------}}--- ---}}}}| ---- SCURSCUM the Sightseer Experience level: 4 Strength: 11 Dexterity: 13 Constitution: 14 Intelligence: 13 Wisdom: 8 Charisma: 18 Health: 0(27) Energy: 15(15) Def: 2 Gold: 911 Moves: 696 Dungeon seed: VpUQXAI3wpszV_lb Game ID: SCURSCUM_1498713321 Your Inventory: Coins $ - 911 gold pieces Weapons a - 34 uncursed +2 darts (in quiver) Armor e - an uncursed +0 Hawaiian shirt (being worn) q - an uncursed +0 dwarvish iron helm (being worn) y - an uncursed +0 dwarvish roundshield (being worn) z - a cursed thoroughly rusty -1 pair of iron shoes (being worn) Comestibles c - an uncursed chestnut d - an uncursed pancake f - an uncursed cram ration g - an uncursed tin of jackal meat h - an uncursed clove of garlic Scrolls l - 3 uncursed scrolls of magic mapping s - an uncursed scroll of scare monster V - an uncursed scroll of destroy armor Potions r - 2 uncursed potions of enlightenment W - an uncursed potion of water Wands o - an uncursed wand of secret door detection (0:15) Tools m - an uncursed expensive camera (0:48) n - an uncursed credit card p - an uncursed tin opener Spells and supernatural/magical abilities: Name Level Category Fail Memory W - pray for help -- divine ? -- Your skills at the end: Miscellaneous Skills wands [Basic] Weapon Skills dart [Basic] Spellcasting Skills Final Attributes: You were devoutly aligned. You had infravision. You were very stealthy. You are dead. Vanquished creatures: a dwarf lord a bugbear a gnome lord a gnomish wizard 3 dwarves a hobbit a large kobold 4 gnomes 2 jackals a sewer rat a grid bug a lichen 18 creatures vanquished. Voluntary challenges: You followed a strict vegan diet. You did not adorn yourself with jewelry or accessories. You did not cause conflict. You were not invisible. You did not have reflection. You were not displaced. You were an atheist. You never hit with a wielded weapon. You did not use containers. You did not apply a unicorn horn. You did not use sinks. You read items or engraved 1 time, starting on turn 386. You never genocided any monsters. You never polymorphed an object. You never changed form. You used no wishes. You never split a pudding. You never wrote Elbereth's name. You never violated your personal moral code. Dungeon overview: The Dungeons of Doom: levels 1 to 2 Level 1 a long staircase Level 2 stairs to The Gnomish Mines The Gnomish Mines: levels 3 to 6 Level 3 stairs to The Dungeons of Doom Level 4 Level 5 Level 6 <- You were here some shops, a temple to Blind Io, a magic chest, some trees History has recorded: On T:1 you entered the Dungeons of Doom to retrieve the Amulet of Yendor! On T:167 you reached level 2 of The Dungeons of Doom. On T:385 you reached level 1 of The Gnomish Mines. On T:391 you reached level 2 of The Gnomish Mines. On T:409 you advanced to experience level 2. On T:423 you advanced to experience level 3. On T:445 you advanced to experience level 4. On T:481 you reached level 3 of The Gnomish Mines. On T:646 you entered the Minetown temple Score breakdown: Gold: 379 ( 37 points) Experience: 4 levels ( 300 points) Exploration: 6 levels ( 150 points) Discoveries: 10 items ( 500 points) Variety of kills: 12 monsters ( 600 points) Major goal: reached Minetown ( 500 points) Survival: died (score multiplied by 3) Total score: 6261 Latest messages: Rawlins looks completely healed. Rawlins is blinded by the flash! You start chewing a hole in the rock. You continue digging. You make an opening in the wall. Rawlins wields a knife! You start chewing a hole in the rock. You continue digging. You make an opening in the wall. You start chewing a hole in the rock. You continue digging. You make an opening in the wall. You start chewing a hole in the rock. You continue digging. You chew a hole in the wall. The jellyfish stings! The jellyfish's sting was poisoned! The jellyfish stings! The jellyfish's sting was poisoned! You die... Final status: Aloha SCURSCUM the Tourist, killed by a jellyfish... You died in The Gnomish Mines on dungeon level 6 with 6261 points, and 911 pieces of gold, after 696 moves. You were level 4 with a maximum of 27 hit points when you died.